 Dungeon Crawl Stone Soup version 0.20.0 (webtiles) character file.

90 Danakh the Charmwright (level 4, -1/34 HPs)
             Began as a Vampire Skald on June 1, 2017.
             Was a Follower of Cheibriados.
             Slain by an orc wizard
             ... wielding a +0 dagger
              (2 damage)
             ... on level 3 of the Dungeon.
             The game lasted 00:06:37 (1865 turns).

Danakh the Charmwright (Vampire Skald)              Turns: 1865, Time: 00:06:38

Health: -1/34      AC:  3    Str: 12    XL:     4   Next: 32%
Magic:  7/7        EV: 13    Int: 15    God:    Cheibriados [*.....]
Gold:   102        SH:  0    Dex: 16    Spells: 5/7 levels left

rFire    . . .     SeeInvis +   a - +1 short sword
rCold    + . .     Gourm    .   (no shield)
rNeg     + + .     Faith    .   b - +0 leather armour
rPois    +         Spirit   .   (no helmet)
rElec    .         Reflect  .   (no cloak)
rCorr    .         Harm     .   (no gloves)
MR       .....                  (no boots)
Stlth    +++.......             (no amulet)
Regen    0.1/turn               i - -2 ring of intelligence (curse)
MPRegen  0.1/turn               (no ring)

@: regenerating slowly, very slow
A: fangs 3, see invisible, unbreathing
a: Bat Form, Bend Time, Renounce Religion


You were on level 3 of the Dungeon.
You worshipped Cheibriados.
Cheibriados was aware of your devotion.
You were very thirsty.

You visited 1 branch of the dungeon, and saw 3 of its levels.

You collected 102 gold pieces.

Inventory:

Hand Weapons
 a - a +1 short sword (weapon)
Armour
 b - a +0 leather armour (worn)
Jewellery
 i - a cursed -2 ring of intelligence (left hand)
 l - a +3 ring of protection {unknown}
Scrolls
 f - a scroll of noise {unknown}
 g - a scroll of identify
 h - a scroll of enchant weapon
 j - a scroll of recharging {unknown}
 k - a scroll of remove curse {unknown}
Potions
 d - 3 potions of blood
 e - a potion of lignification {unknown}
 m - a potion of berserk rage {unknown}
Books
 c - a book of Battle

   Spells                             Type                      Level
   a - Infusion                       Charms                       1
   b - Shroud of Golubria             Charms/Translocation         2
   c - Song of Slaying                Charms                       2
   d - Spectral Weapon                Hexes/Charms                 3
   e - Regeneration                   Charms/Necromancy            3


   Skills:
 + Level 2.6 Fighting
 + Level 2.7 Short Blades
 + Level 1.7 Armour
 + Level 2.9 Dodging
 + Level 2.4 Stealth
 - Level 2.0 Spellcasting
 - Level 3.2 Charms


You had 5 spell levels left.
You knew the following spells:

 Your Spells              Type           Power        Failure   Level  Hunger
a - Shock                 Conj/Air       #...         28%         1    #......
e - Infusion              Chrm           ##..         8%          1    #......


Dungeon Overview and Level Annotations

Branches:
Dungeon (3/15)

Altars:
Ashenzari
Cheibriados
Kikubaaqudgha
Ru
Vehumet
Xom
The Shining One


Innate Abilities, Weirdness & Mutations

You heal slowly.
You have razor-sharp teeth.
You have supernaturally acute eyesight. (SInv)
You can survive without breathing.


Message History

You hit the orc wizard. You bite the orc wizard.
You draw the orc wizard's blood!
You feel better.
You feel slightly less thirsty.
The orc wizard is heavily wounded.
The orc misses you. The orc wizard hits you with a dagger.
* * * LOW HITPOINT WARNING * * *
You barely miss the orc wizard.
The orc wizard is heavily wounded.
The orc wizard completely misses you. The orc closely misses you.
You hit the orc wizard but do no damage.
You bite the orc wizard.
You draw the orc wizard's blood!
You feel better.
You feel slightly less thirsty.
The orc wizard is severely wounded.
The orc wizard casts a spell at you. The magic dart hits you!
* * * LOW HITPOINT WARNING * * *
The orc hits you with a hand axe.
* * * LOW HITPOINT WARNING * * *
The orc wizard hits you with a dagger.
You die...

#.###.####.# #.# #.#
#..# #.##.###.# #.##
.........# #.#
#####.#..###.#####
## .................
.. ####.#.####.#####
#:#####...##.....#
#.o@o.....##.....###
#######...##........
#)..##......##
#.<.##......#
#...#######.# #...#
#.# ##...#######.#
#............#
#######....#########


You could see an orc wizard and an orc.

Vanquished Creatures
  An orc wizard (D:3)
  An adder (D:3)
  A worm (D:2)
  A leopard gecko (D:2)
  3 orcs (D:3)
  4 bats (D:2)
  4 giant cockroaches
  4 goblins
  2 hobgoblins (D:2)
  5 jackals
  7 kobolds
  A quokka (D:3)
  A frilled lizard (D:2)
  8 rats
43 creatures vanquished.

Notes
Turn   | Place    | Note
-------+----------+-------------------------------------------
     0 | D:1      | Danakh the Vampire Skald began the quest for the Orb.
     0 | D:1      | Reached XP level 1. HP: 16/16 MP: 3/3
    84 | D:1      | Reached skill level 1 in Armour
   268 | D:1      | Reached XP level 2. HP: 22/22 MP: 5/5
   647 | D:2      | Found a shattered altar of Ashenzari.
   647 | D:2      | Found a glowing golden altar of the Shining One.
   657 | D:2      | Found a faded altar of an unknown god.
   659 | D:2      | Found a faded altar of an unknown god.
   661 | D:2      | Found a sacrificial altar of Ru.
   664 | D:2      | Became a worshipper of Xom of Bloodstained Whimsey
   669 | D:2      | Fell from the grace of Xom
   669 | D:2      | Became a worshipper of Vehumet
   669 | D:2      | Reached * piety under Vehumet
   669 | D:2      | Offered knowledge of Shock by Vehumet.
   691 | D:2      | Found a snail-covered altar of Cheibriados.
   694 | D:2      | Learned a level 1 spell: Shock
   696 | D:2      | Found a radiant altar of Vehumet.
   698 | D:2      | Found an ancient bone altar of Kikubaaqudgha.
   735 | D:2      | XOM: 5-stop teleportation journey
   759 | D:2      | Reached skill level 1 in Stealth
   988 | D:2      | Fell from the grace of Vehumet
   988 | D:2      | Became a worshipper of Cheibriados the Contemplative
  1052 | D:2      | Found a faded altar of an unknown god.
  1060 | D:2      | Reached XP level 3. HP: 24/28 MP: 6/6
  1532 | D:3      | XOM: torment (18/28 hp)
  1821 | D:3      | Reached * piety under Cheibriados
  1858 | D:3      | Reached XP level 4. HP: 18/34 MP: 7/7
  1865 | D:3      | HP: 1/34 [orc/hand axe (1)]
  1865 | D:3      | Slain by an orc wizard

Skill      XL: |  1  2  3 |
---------------+----------+-----
Fighting       | 2 |  2.6
Armour         | 1 |  1.7
Stealth        | 1 2 |  2.4
Short Blades   | |  2.7
Dodging        | |  2.9
Spellcasting   | |  2.0
Charms         | |  3.2

Action                   |  1- 3 |  4- 6 || total
-------------------------+-------+-------++-------
Melee: Short sword       |   125 |     7 ||   132
       Bite              |    10 |     2 ||    12
  Use: Scroll            |     3 |       ||     3
 Stab: Sleeping          |     5 |       ||     5
  Eat: Corpse            |     1 |       ||     1
Armor: Leather armour    |    27 |     1 ||    28
Dodge: Dodged            |    90 |     6 ||    96
